 Dungeon Crawl Stone Soup version 0.21-a0-583-g2c32b0f (webtiles) character file.

76933 Coron the Blocker (level 15, -6/216 HPs)
             Began as a Deep Dwarf Wizard on Dec 20, 2017.
             Was an Elder of Trog.
             Mangled by miscthings's ghost (12 damage)
             ... on level 2 of the Orcish Mines.
             The game lasted 01:44:16 (22929 turns).

Coron the Blocker (Deep Dwarf Wizard)              Turns: 22929, Time: 01:44:16

Health: -6/216     AC: 30    Str: 20    XL:     15   Next: 13%
Magic:  18/18      EV:  9    Int: 23    God:    Trog [****..]
Gold:   1102       SH: 14    Dex: 15    Spells: 19/20 levels left

rFire    . . .     SeeInvis +   g - +9 demon whip (freeze)
rCold    . . .     Gourm    .   n - +0 shield
rNeg     + + .     Faith    .   K - +6 chain mail of Beauty {Str-2 Int+4 Dex+4 SInv}
rPois    +         Spirit   .   B - +2 helmet
rElec    .         Reflect  .   k - +2 cloak
rCorr    .         Harm     .   M - +1 pair of gloves
MR       ++++.                  y - +0 pair of boots
Stlth    ..........             m - amulet of magic regeneration
HPRegen  1.00/turn              c - ring of positive energy
MPRegen  0.41/turn              W - ring of poison resistance

@: berserking (expiring), non-regenerating, very quick
A: damage resistance, heal wounds, hooves 1, negative energy resistance 1, sense
surroundings 2, no regeneration
a: Heal Wounds, Berserk, Trog's Hand, Brothers in Arms, Burn Spellbooks,
Renounce Religion


You were on level 2 of the Orcish Mines.
You worshipped Trog.
Trog was greatly pleased with you.
You were near starving.

You visited 4 branches of the dungeon, and saw 22 of its levels.
You also visited: Labyrinth, Ice Cave and Volcano.

You collected 1602 gold pieces.
You spent 500 gold pieces at shops.

Inventory:

Hand Weapons
 g - a +9 demon whip of freezing (weapon)
Missiles
 E - 10 tomahawks (quivered)
Armour
 k - a +2 cloak (worn)
 n - a +0 shield (worn)
 y - a +0 pair of boots (worn)
 B - a +2 helmet (worn)
 K - the +6 chain mail of Beauty (worn) {Str-2 Int+4 Dex+4 SInv}
   (You found it on level 7 of the Dungeon)

   It affects your strength (-2).
   It affects your intelligence (+4).
   It affects your dexterity (+4).
   It lets you see invisible.
 M - a +1 pair of gloves (worn)
 Q - a +1 chain mail of fire resistance
Jewellery
 a - an uncursed ring of teleportation
 b - an uncursed ring of fire
 c - a ring of positive energy (left hand)
 h - the amulet of False Pretenses {Regen+ MP+9 Slay+6, unknown}
   (You found it in a labyrinth)

   [amulet of regeneration]

   It affects your accuracy and damage with ranged weapons and melee attacks
   (+6).
   It affects your magic capacity (+9).
   It increases your rate of regeneration.
 m - an amulet of magic regeneration (around neck)
 s - an uncursed ring of flight
 D - an uncursed amulet of faith {unknown}
 J - an uncursed ring of resist corrosion
 P - a +4 ring of intelligence
 W - a ring of poison resistance (right hand)
Wands
 e - a wand of flame (69)
 f - a wand of paralysis (31)
 u - a wand of scattershot (6)
 U - a wand of random effects (30)
 V - a wand of digging (10)
Scrolls
 l - 14 scrolls of teleportation
 o - 6 scrolls of remove curse
 p - 3 scrolls of blinking
 x - a scroll of fog
 C - a scroll of magic mapping
 G - a scroll of noise {unknown}
 H - a scroll of silence {unknown}
 L - a scroll of fear
 R - a scroll of holy word
 S - a scroll of acquirement {unknown}
 X - 2 scrolls of summoning
Potions
 j - 5 potions of might
 q - 5 potions of magic
 r - a potion of ambrosia
 v - 6 potions of curing
 w - 7 potions of lignification
 z - 4 potions of brilliance {unknown}
 I - 3 potions of haste
 O - 5 potions of resistance
 T - a potion of heal wounds {unknown}
 Y - a potion of cancellation {unknown}
 Z - 2 potions of berserk rage {unknown}
Books
 N - a book of Changes

   Spells                             Type                      Level
   a - Beastly Appendage              Transmutation                1
   b - Sticks to Snakes               Transmutation                2
   c - Spider Form                    Transmutation/Poison         3
   d - Ice Form                       Ice/Transmutation            4
   e - Blade Hands                    Transmutation                5
   Trog disapproves of the use of such an item.
Miscellaneous
 i - a lightning rod (4/4)
 t - a phantom mirror
 F - a lamp of fire
Comestibles
 d - 35 rations
 A - 9 chunks of flesh


   Skills:
 + Level 12.1 Fighting
 - Level 12.0 Maces & Flails
 + Level 14.4 Armour
 - Level 2.2 Dodging
 - Level 2.4 Stealth
 + Level 14.5 Shields
 - Level 3.0 Spellcasting
 - Level 1.9 Conjurations
   Level 0.8 Summonings
   Level 1.1 Translocations
 - Level 9.0 Evocations


You had 19 spell levels left.
You knew the following spells:

 Your Spells              Type           Power        Failure   Level  Hunger
a - Magic Dart            Conj           ##..         30%         1    None


Dungeon Overview and Level Annotations

Branches:
Dungeon (12/15)            Temple (0/1) D:6            Lair (6/6) D:8
  Swamp (0/4) Lair:2        Snake (2/4) Lair:4        Slime (0/5) Lair:6
    Orc (2/2) D:9             Elf (0/3) Orc:2

Altars:
Cheibriados
Dithmenos
Gozag
Trog
The Shining One
Jiyva

Shops:
D:5 *   D:11 ((

Annotations:
D:12 2 runed doors
Lair:5 exclusion: 3 oklob plants
Orc:2 miscthings's ghost, journeyman GnFi


Innate Abilities, Weirdness & Mutations

You are resistant to damage.
You can heal yourself by infusing magical energy.
You resist negative energy. (rN+)
You passively map the area around you.
You do not regenerate.
You have large cloven feet.


Message History

You whack miscthings's ghost! You freeze miscthings's ghost.
Miscthings's ghost is moderately damaged.
You whack miscthings's ghost! You freeze miscthings's ghost.
Miscthings's ghost is heavily damaged.
You block miscthings's ghost's attack.
You hit miscthings's ghost but do no damage.
Miscthings's ghost is heavily damaged.
You completely miss miscthings's ghost.
Miscthings's ghost is heavily damaged.
You thrash miscthings's ghost!! You freeze miscthings's ghost.
Miscthings's ghost is severely damaged.
Miscthings's ghost gestures at you while chanting.
The shard of ice hits you!
* * * LOW HITPOINT WARNING * * *
You closely miss miscthings's ghost.
Miscthings's ghost is severely damaged.
You thrash miscthings's ghost!! You freeze miscthings's ghost.
Miscthings's ghost is almost destroyed.
Miscthings's ghost hits you!
You die...

,, , , , , , *
....#......... * ,
, * ............$,
, * ,
.<..........#, ,
*.............# *
**#...........# , *
##.#...$.#T## * ,
....##...W..###* *
,........@#.##.##**
,#.........##...##
*
,...$.............
........<)......#
.......).)#......
....#...........# *
* ##..#...........#
* **
#............... ,,
*...............,
,, ,,


You could see a troll and miscthings's ghost.

Vanquished Creatures
  Vashnia (Snake:2)
  2 nagarajas (Snake:2)
  A stone giant (Volcano)
  The ghost of WimpyRanger the Basher, a journeyman TrMo of Okawaru (D:11)
  A minotaur (Lab)
  2 hydras
  3 naga warriors
  2 anacondas
  3 two-headed ogres
  A catoblepas (Lair:2)
  A death knight (D:10)
  7 naga sharpshooters
  9 death yaks
  2 shock serpents
  Nergalle (Lair:2)
  An unseen horror (Lab)
  2 naga ritualists
  An orc knight (Orc:1)
  3 ugly things
  4 mana vipers
  2 manticores
  2 salamanders
  2 centaur zombies (D:11)
  7 black mambas
  5 naga magi
  17 spiny frogs
  Psyche (D:11)
  4 gargoyles
  3 rime drakes
  2 ice devils (Lair:2)
  5 komodo dragons
  An efreet (Volcano)
  4 tyrant leeches
  4 trolls
  Prince Ribbit (D:8)
  2 hornets
  2 polar bears (Lair:3)
  12 hippogriffs
  29 blink frogs
  30 yaks
  A basilisk (Lair:2)
  3 fire bats (Lair:3)
  2 wyverns (Lair:4)
  2 fire elementals (Volcano)
  9 vampire mosquitoes
  6 hungry ghosts
  16 nagas
  9 water moccasins
  2 wargs (Orc:1)
  A soldier ant (D:12)
  10 porcupines
  7 orc warriors
  5 sky beasts
  9 ice beasts
  A black bear (D:8)
  7 necrophages
  3 ogres
  A phantom (D:9)
  2 centaurs
  11 crocodiles
  Blork the orc (D:4)
  19 bullfrogs
  A wyvern zombie (D:8)
  A water moccasin zombie (D:8)
  A water moccasin skeleton (D:6)
  12 killer bees
  A troll zombie (D:9)
  10 wights
  5 howler monkeys
  3 jellies
  2 electric eels
  7 crimson imps
  2 bullfrog zombies
  A bullfrog skeleton (D:4)
  2 orc priests
  7 hounds
  A centaur skeleton (D:4)
  19 orc wizards
  2 iguanas
  12 worker ants
  7 ogre zombies (D:9)
  2 hound zombies
  A hound skeleton (D:4)
  3 mummies (D:11)
  Robin (D:2)
  A worker ant zombie (D:11)
  11 adders
  4 shadow imps
  5 adder skeletons
  6 worms
  A dart slug (D:1)
  7 leopard geckos
  38 orcs
  4 bats (D:3)
  2 giant cockroaches
  17 goblins
  6 hobgoblins
  8 jackals
  10 quokkas
  3 ball pythons (D:3)
  A frilled lizard (D:2)
  5 goblin zombies (D:9)
  3 hobgoblin zombies (D:9)
  2 kobolds
  An orc skeleton (D:9)
  16 orc zombies (D:9)
  A quokka skeleton (D:4)
  7 rats
572 creatures vanquished.

Vanquished Creatures (collateral kills)
  A naga sharpshooter (Snake:2)
  A bullfrog (Lair:6)
  2 ball pythons (D:3)
  2 plants (Lair:6)
6 creatures vanquished.

Vanquished Creatures (others)
  An adder (D:3)
  A ball python (D:3)
  8 fungi
  13 plants (Lair:6)
  4 toadstools (D:1)
27 creatures vanquished.

Grand Total: 605 creatures vanquished

Notes
Turn   | Place    | Note
-------+----------+-------------------------------------------
     0 | D:1      | Coron the Deep Dwarf Wizard began the quest for the Orb.
     0 | D:1      | Reached XP level 1. HP: 15/15 MP: 4/4
   144 | D:1      | Reached skill level 1 in Conjurations
   278 | D:1      | Found a snail-covered altar of Cheibriados.
   318 | D:1      | Reached XP level 2. HP: 14/22 MP: 0/5
   948 | D:2      | Reached skill level 1 in Armour
   948 | D:2      | Reached XP level 3. HP: 16/30 MP: 1/7
  1118 | D:2      | Noticed Robin
  1220 | D:2      | You fall through a shaft for 2 floors!
  1363 | D:3      | Reached skill level 1 in Fighting
  1372 | D:3      | Found a bloodstained altar of Trog.
  1376 | D:3      | Became a worshipper of Trog the Wrathful
  1439 | D:3      | HP: 1/31 [adder (4)]
  1479 | D:3      | Gained mutation: You have large cloven feet. [potion of mutation]
  1479 | D:3      | Gained mutation: You passively map the area around you. [potion of mutation]
  1773 | D:2      | Reached XP level 4. HP: 31/38 MP: 7/7
  2091 | D:3      | Reached * piety under Trog
  2091 | D:3      | Reached skill level 1 in Shields
  2964 | D:4      | Reached XP level 5. HP: 18/45 MP: 8/8
  2985 | D:4      | Noticed Blork the orc
  3157 | D:4      | Killed Blork the orc
  3177 | D:4      | Noticed an ogre
  3386 | D:4      | Reached XP level 6. HP: 36/55 MP: 8/8
  3696 | D:5      | Entered Level 5 of the Dungeon
  3724 | D:5      | Reached ** piety under Trog
  3789 | D:5      | Noticed a water moccasin
  3808 | D:5      | Killed a water moccasin
  3808 | D:5      | Reached XP level 7. HP: 50/63 MP: 9/9
  3860 | D:5      | Found an opulent altar of Gozag.
  4100 | D:5      | Reached skill level 5 in Armour
  4368 | D:2      | Killed Robin
  4710 | D:5      | Reached skill level 5 in Shields
  4710 | D:5      | Reached XP level 8. HP: 13/72 MP: 10/10
  5013 | D:5      | Found Maul's Assorted Antiques.
  5148 | D:5      | Bought a notched ivory ring for 140 gold pieces
  5200 | D:6      | Got an encrusted trident
  5208 | D:6      | Identified the +4 trident of Acadd {drain, rPois} (You found it on level 6 of the Dungeon)
  5280 | D:6      | Found a staircase to the Ecumenical Temple.
  5312 | D:6      | Reached skill level 5 in Fighting
  5584 | D:6      | Reached skill level 1 in Maces & Flails
  5647 | D:6      | Found a glowing golden altar of the Shining One.
  6037 | D:6      | Reached *** piety under Trog
  6247 | D:6      | You fall through a shaft for 3 floors!
  6247 | D:9      | Found a staircase to the Orcish Mines.
  6743 | D:7      | Noticed a hippogriff
  6747 | D:7      | Noticed a hippogriff
  6756 | D:7      | Killed a hippogriff
  6756 | D:7      | Mutation became permanent: You passively map a small area around you. [Deep Dwarf growth]
  6756 | D:7      | Gained mutation: You passively map the area around you. [Deep Dwarf growth]
  6756 | D:7      | Reached XP level 9. HP: 25/82 MP: 11/11
  6901 | D:7      | Got a translucent chain mail
  6912 | D:7      | Identified the +6 chain mail of Beauty {Str-2 Int+4 Dex+4 SInv} (You found it on level 7 of the Dungeon)
  7167 | D:7      | Found a shadowy altar of Dithmenos.
  7171 | D:7      | Noticed a manticore
  7185 | D:7      | Killed a manticore
  7550 | D:8      | Noticed Prince Ribbit
  7587 | D:8      | Noticed a two-headed ogre
  7681 | D:8      | Killed a two-headed ogre
  7681 | D:8      | Reached skill level 5 in Maces & Flails
  7681 | D:8      | Reached XP level 10. HP: 74/94 MP: 12/12
  7692 | D:8      | Paralysed by a hornet for 2 turns
  7761 | D:8      | Reached **** piety under Trog
  7793 | D:8      | Noticed a two-headed ogre
  8099 | D:8      | Killed Prince Ribbit
  8150 | D:8      | Found a staircase to the Lair.
  8282 | D:8      | Paralysed by fainting for 6 turns
  8298 | D:8      | Noticed an elephant
  8496 | D:9      | Reached skill level 10 in Armour
  8985 | D:10     | Entered Level 10 of the Dungeon
  9307 | D:10     | Reached XP level 11. HP: 95/100 MP: 13/13
  9367 | D:10     | Paralysed by a hornet for 1 turns
  9509 | D:10     | Noticed a two-headed ogre
  9516 | D:10     | Killed a two-headed ogre
  9629 | D:10     | Noticed a death knight
  9643 | D:10     | Killed a death knight
  9907 | D:11     | Noticed Psyche
  9919 | D:11     | Killed Psyche
  9919 | D:11     | Reached ***** piety under Trog
  9992 | D:11     | Found Atylaf's Antique Weapon Boutique.
 10031 | D:11     | Noticed WimpyRanger's ghost (journeyman TrMo)
 10196 | D:11     | Noticed a green ugly thing
 10200 | D:11     | Noticed a brown ugly thing
 10202 | D:11     | Killed a green ugly thing
 10208 | D:11     | Killed a brown ugly thing
 10303 | D:11     | Killed WimpyRanger's ghost
 10462 | D:11     | Found Pommovas's Antique Weapon Emporium.
 10472 | D:11     | Bought a runed demon whip for 360 gold pieces
 10506 | D:12     | Noticed a two-headed ogre
 10514 | D:12     | Killed a two-headed ogre
 10535 | D:12     | Found a large runed door.
 10535 | D:12     | Found a large runed door.
 10539 | D:12     | Noticed an orc knight
 10551 | D:12     | Reached skill level 10 in Shields
 10571 | D:12     | Noticed a centaur warrior
 11342 | Lair:1   | Entered Level 1 of the Lair of Beasts
 11342 | Lair:1   | Noticed a five-headed hydra
 11352 | D:8      | Killed a five-headed hydra
 11352 | D:8      | Reached XP level 12. HP: 64/114 MP: 14/14
 11798 | Lair:1   | Got a brightly glowing flail
 11799 | Lair:1   | Identified the cursed +3 flail "Jeyrhif" {speed, Str+6} (You found it on level 1 of the Lair of Beasts)
 12724 | Lair:2   | Found a frozen archway.
 12770 | IceCv    | Entered an ice cave
 12793 | IceCv    | Reached skill level 10 in Maces & Flails
 13041 | Lair:2   | Noticed a catoblepas
 13054 | Lair:2   | Killed a catoblepas
 13059 | Lair:2   | Reached skill level 5 in Evocations
 13242 | Lair:2   | Noticed a death yak
 13242 | Lair:2   | Noticed a death yak
 13243 | Lair:2   | Noticed Nergalle
 13453 | Lair:2   | Killed Nergalle
 13612 | Lair:2   | Found a staircase to the Swamp.
 13753 | Lair:2   | Killed a death yak
 13753 | Lair:2   | Reached XP level 13. HP: 121/121 MP: 15/15
 14169 | Lair:3   | Found a dark tunnel.
 14180 | Volcano  | Entered a volcano
 14237 | Volcano  | Noticed a stone giant
 14255 | Volcano  | Killed a stone giant
 15686 | Lair:4   | Found a staircase to the Snake Pit.
 17017 | Lair:5   | Reached skill level 10 in Fighting
 17675 | Orc:1    | Entered Level 1 of the Orcish Mines
 17983 | Lair:6   | Entered Level 6 of the Lair of Beasts
 18015 | Lair:6   | Found a labyrinth entrance.
 18050 | Lab      | Entered a labyrinth
 19567 | Lab      | Noticed a minotaur
 19572 | Lab      | Killed a minotaur
 19598 | Lab      | Got a bound amethyst amulet
 19695 | Lair:6   | Gained mutation: You resist negative energy. (rN+) [Deep Dwarf growth]
 19695 | Lair:6   | Reached XP level 14. HP: 113/132 MP: 17/17
 19698 | Lair:6   | Found a shadowy altar of Dithmenos.
 19950 | Lair:5   | Received a gift from Trog
 20163 | Lair:6   | Found a viscous altar of Jiyva.
 20172 | Lair:6   | Found a staircase to the Slime Pits.
 20822 | Snake:1  | Entered Level 1 of the Snake Pit
 21804 | Snake:2  | Noticed a nagaraja
 21826 | Snake:2  | Killed a nagaraja
 21873 | Snake:2  | Received a gift from Trog
 21931 | Snake:2  | Noticed a nagaraja
 21946 | Snake:2  | Killed a nagaraja
 22264 | Snake:2  | Noticed Vashnia
 22303 | Snake:2  | Killed Vashnia
 22303 | Snake:2  | Reached XP level 15. HP: 52/144 MP: 18/18
 22874 | Orc:2    | Entered Level 2 of the Orcish Mines
 22910 | Orc:2    | Noticed miscthings's ghost (journeyman GnFi)
 22927 | Orc:2    | HP: 5/216 [miscthings's ghost/shard of ice (49)]
 22929 | Orc:2    | Mangled by miscthings's ghost

Vault maps used:
D:1:      ldierk_walled_garden_2, serial_forest, infiniplex_forest_clump_small,
          infiniplex_forest_clump_curved, infiniplex_forest_zigzag_2,
          infiniplex_forest_corner_2, infiniplex_forest_side_room,
          infiniplex_forest_clump_long, infiniplex_forest_lined_room_2,
          infiniplex_forest_lined_3_way, infiniplex_forest_diagonal,
          corexii_hall_statues_i, cheibriados_altar_1
D:2:      minmay_misc_feat_doors, hex_tiny, uniq_robin
D:3:      marbit_many_paths, minmay_shallow_snake_nest
D:4:      enter_ossuary_1, uniq_blork_the_orc
D:5:      serial_shops, nicolae_shop_overgrown_old_shop, first_ration,
          nrook_pool_corridor, grunt_decor_mini_mirrors,
          nicolae_gozag_seed_capital
D:6:      temple_hall_moat, tso_metal_star
D:7:      serial_glass, glass_columns_a, glass_columns_a, basic_altar,
          kennysheep_minor_cross
D:8:      david_lair_generic, enter_bailey_3, uniq_prince_ribbit1
D:9:      zombieorc2_lemuel
D:11:     serial_undead, serial_undead_f, serial_undead_d, serial_undead_f,
          serial_undead_c, serial_undead_e, serial_undead_c, serial_undead_d,
          serial_shops, shop, shop, uniq_psyche
D:12:     okawaru_arena_lexackson
Lair:2:   minmay_swamp_entry_swarm, portal_ice_cave_demonic_guard,
          hangedman_lair_generics_rect, uniq_nergalle
Lair:3:   nicolae_volcano_entry_batcave, gammafunk_lair_bear_cave
Lair:4:   guppyfry_snake_entry_island, grunt_megastairs_4
Lair:5:   dpeg_oklob_gauntlet, minmay_lair_oklob_chamber
Lair:6:   minmay_lair_end_frog_pond, slime_altar_1, basic_altar,
          lab_entry_generic
Snake:2:  grunt_megastairs_2, serial_bayou_shore_b, uniq_vashnia
Orc:2:    st_orc_ogre_mass, serial_shops, nicolae_shop_stone
Lab:      lab_hedge
IceCv:    ice_cave_statue_garden_chambered
Volcano:  volcano_pools

Skill      XL: |  1  2  3  4  5  6  7  8  9 10 11 12 13 14 |
---------------+-------------------------------------------+-----
Conjurations   | 1 |  1.9
Spellcasting   | 3 |  3.0
Armour         | 1 2 3 4 5 6 8 11 12 14 | 14.4
Fighting       | 1 2 3 4 5 7 9 10 12 | 12.1
Shields        | 1 2 4 5 6 7 11 13 14 | 14.5
Maces & Flails | 2 5 8 10 12 | 12.0
Evocations     | 3 6 9 |  9.0
Dodging        | |  2.2
Stealth        | |  2.4
Summonings     | |  0.8
Translocations | |  1.1

Action                   |  1- 3 |  4- 6 |  7- 9 | 10-12 | 13-15 || total
-------------------------+-------+-------+-------+-------+-------++-------
Melee: Unarmed           |     3 |       |       |       |       ||     3
       Dagger            |   102 |   137 |       |       |       ||   239
       Kick              |     7 |    56 |    91 |   348 |   168 ||   670
       Flail             |       |    63 |   381 |   599 |       ||  1043
       Long sword        |       |    18 |       |       |       ||    18
       Trident           |       |       |    25 |       |       ||    25
       Demon whip        |       |       |       |   466 |  1051 ||  1517
Throw: Tomahawk          |       |       |    18 |    13 |       ||    31
 Cast: Magic Dart        |    67 |       |       |       |       ||    67
Invok: Burn Spellbooks   |     1 |       |       |       |     1 ||     2
       Berserk           |       |     4 |     6 |    12 |    16 ||    38
       Trog's Hand       |       |       |     2 |    18 |    22 ||    42
       Brothers in Arms  |       |       |       |     1 |     1 ||     2
 Abil: Heal Wounds       |     4 |     3 |     7 |     1 |     2 ||    17
Evoke: Wand              |     3 |     1 |       |     9 |       ||    13
       Lightning rod     |       |       |       |     2 |       ||     2
  Use: Scroll            |     9 |       |     8 |     7 |    18 ||    42
       Potion            |     2 |       |     1 |       |     1 ||     4
 Stab: Sleeping          |     1 |     2 |     1 |       |       ||     4
       Distracted        |       |     1 |       |     1 |     1 ||     3
       Petrified         |       |       |       |     5 |       ||     5
  Eat: Chunk             |     3 |    10 |    18 |    35 |    26 ||    92
       Ration            |       |       |     1 |     4 |     8 ||    13
Armor: Robe              |    28 |    51 |       |       |       ||    79
       Leather armour    |       |    18 |    18 |       |       ||    36
       Ring mail         |       |       |    74 |       |       ||    74
       Chain mail        |       |       |   131 |   662 |   282 ||  1075
Dodge: Dodged            |    62 |   113 |   148 |   334 |   164 ||   821
Block: Shield            |    16 |    33 |   214 |   638 |   378 ||  1279
       Buckler           |       |    21 |    17 |       |       ||    38
       Rpst.: Long sword |       |     2 |       |       |       ||     2

Table legend:
 A = Spawn XP
 B = Non-spawn XP
 C = Spawn XP percentage of total XP
 D = Spawn monster count
 E = Non-spawn monster count
 F = Spawn count percentage of total count
 G = Total turns spent on level
                    A         B        C        D         E        F      G
               +---------+---------+-------+---------+---------+-------+---------
         Total |       0 |  109905 |   0.0 |       0 |     577 |   0.0 | 22929
               +---------+---------+-------+---------+---------+-------+---------
           D:1 |       0 |      27 |   0.0 |       0 |       7 |   0.0 |   721
           D:2 |       0 |      78 |   0.0 |       0 |      30 |   0.0 |  1134
           D:3 |       0 |     111 |   0.0 |       0 |      28 |   0.0 |  1367
           D:4 |       0 |     457 |   0.0 |       0 |      20 |   0.0 |   844
           D:5 |       0 |     940 |   0.0 |       0 |      22 |   0.0 |  1118
           D:6 |       0 |     644 |   0.0 |       0 |      20 |   0.0 |  1145
           D:7 |       0 |    2381 |   0.0 |       0 |      30 |   0.0 |  1051
           D:8 |       0 |    4701 |   0.0 |       0 |      42 |   0.0 |  1183
           D:9 |       0 |    2159 |   0.0 |       0 |      52 |   0.0 |   570
          D:10 |       0 |    2963 |   0.0 |       0 |      13 |   0.0 |   904
          D:11 |       0 |    5270 |   0.0 |       0 |      31 |   0.0 |   664
          D:12 |       0 |    2892 |   0.0 |       0 |      16 |   0.0 |   757
        Lair:1 |       0 |    6091 |   0.0 |       0 |      28 |   0.0 |  1281
        Lair:2 |       0 |   10152 |   0.0 |       0 |      34 |   0.0 |  1570
        Lair:3 |       0 |    7817 |   0.0 |       0 |      25 |   0.0 |  1279
        Lair:4 |       0 |    6732 |   0.0 |       0 |      22 |   0.0 |  1064
        Lair:5 |       0 |    4347 |   0.0 |       0 |      19 |   0.0 |  1121
        Lair:6 |       0 |   11164 |   0.0 |       0 |      46 |   0.0 |  1109
       Snake:1 |       0 |    9139 |   0.0 |       0 |      17 |   0.0 |   996
       Snake:2 |       0 |   23055 |   0.0 |       0 |      32 |   0.0 |   573
         Orc:1 |       0 |    1945 |   0.0 |       0 |      22 |   0.0 |   538
         Orc:2 |       0 |     142 |   0.0 |       0 |       4 |   0.0 |    43
           Lab |       0 |    2358 |   0.0 |       0 |       4 |   0.0 |  1577
         IceCv |       0 |    1354 |   0.0 |       0 |       7 |   0.0 |   119
       Volcano |       0 |    2986 |   0.0 |       0 |       6 |   0.0 |   201
               +---------+---------+-------+---------+---------+-------+---------
